 Dungeon Crawl Stone Soup version 0.31-a0-162-gc4c5a43528 (webtiles) character file.

Game seed: 4226675739346259256

1245 qw the Skirmisher (level 8, -4/74 HPs)
             Began as a Naga Hunter on June 12, 2023.
             Was a Follower of Okawaru.
             Slain by a killer bee (5 damage)
             ... on level 5 of the Dungeon.
             The game lasted 00:01:34 (3974 turns).

qw the Skirmisher (Naga Hunter)                     Turns: 3974, Time: 00:01:35

Health: -4/74      AC:  4    Str: 20    XL:     8   Next: 50%
Magic:  7/9        EV: 13    Int:  9    God:    Okawaru [*.....]
Gold:   250        SH:  0    Dex: 17    Spells: 7/7 levels left

rFire   . . .        Y - +0 shortbow (freeze)
rCold   . . .        (shield currently unavailable)
rNeg    . . .        c - +0 leather armour
rPois   +            (no helmet)
rElec   .            (no cloak)
rCorr   .            (no gloves)
SInv    +            (no barding)
Will    +....        g - amulet of faith
Stlth   +++          d - +6 ring of strength
HPRegen 0.32/turn    (no ring)
MPRegen 0.11/turn

%: faith
@: lethally poisoned (-4 -> -9), about to teleport, short of breath, heroic,
very slow
A: AC +2, large, see invisible, deformed body, poison resistance, slowness 2,
spit poison 1, naga tail 1
a: Spit Poison, Renounce Religion, Heroism


You were on level 5 of the Dungeon.
You worshipped Okawaru.
Okawaru was aware of your devotion.
You visited 2 branches of the dungeon, and saw 6 of its levels.

You collected 250 gold pieces.


Innate Abilities, Weirdness & Mutations

Your serpentine skin is tough. (AC +2)
You have supernaturally acute eyesight. (SInv)
Armour fits poorly on your strangely shaped body.
Your system is resistant to poisons. (rPois)
You cover ground very slowly.
You can spit poison.
You have a snake-like lower body.


   Skills:
 - Level 5.2(10.2) Fighting
 + Level 8.4(13.4) Ranged Weapons
 - Level 2.0(7.0) Dodging
 - Level 1.5(6.5) Stealth
 + Level 2.2 Invocations


You had 7 spell levels left.
You didn't know any spells.
Your spell library was empty.

Inventory:

Hand Weapons
 Y - a +0 shortbow of freezing (weapon)
Armour
 c - a +0 leather armour (worn)
Jewellery
 d - a +6 ring of strength (left hand)
 g - an amulet of faith (around neck)
Scrolls
 e - 2 scrolls of identify
Potions
 a - 3 potions of curing
 b - a potion of mutation
 f - a potion of might {unknown}

Dungeon Overview and Level Annotations

Branches:
Dungeon (5/15)             Temple (1/1) D:4

Altars:
Ashenzari
Cheibriados
Dithmenos
Elyvilon
Fedhas
Hepliaklqana
Kikubaaqudgha
Nemelex Xobeh
Okawaru
Ru
Trog
Uskayaw
Vehumet
Xom
Yredelemnul

Annotations:
D:2 1 runed translucent door, Crazy Yiuf
D:4 3 runed translucent doors, qw's ghost, amateur MiHu; qw's ghost, amateur NaHu


Message History

The killer bee barely misses you.
You shoot an arrow.
The arrow hits the killer bee but does no damage.
The killer bee is lightly wounded.
You shoot an arrow.
The arrow closely misses the killer bee.
The killer bee stings you.
You are poisoned.
The killer bee poisons you! The killer bee barely misses you.
The killer bee closely misses you. The killer bee stings you!
You are more poisoned.
The killer bee poisons you!
You shoot an arrow. The arrow misses the killer bee.
You have got your breath back.
You feel very sick. The killer bee closely misses you.
The killer bee stings you. The killer bee barely misses you.
The killer bee stings you.
The killer bee stings you but does no damage.
The killer bee stings you. x2; The killer bee misses you.
3972 ||| INVOKING Heroism.
You gain the combat prowess of a mighty hero.
You feel very sick. The killer bee stings you. The killer bee misses you.
The killer bee barely misses you. The killer bee stings you. x2
The killer bee misses you. The killer bee stings you.
3973 ||| INVOKING Spit Poison.
Aiming: Spit Poison (1% risk of failure)
Press: ? - help, Shift-Dir - straight line, f/p - killer bee The splash of poison misses the killer bee.
You feel sick. The killer bee stings you. The killer bee closely misses you.
The killer bee stings you! The killer bee closely misses you.
The killer bee stings you but does no damage. x2
The killer bee misses you. The killer bee stings you.
The killer bee closely misses you. The killer bee stings you.
3974 ||| READING scroll of teleportation.
As you read the scroll of teleportation, it crumbles to dust.
You feel strangely unstable.
You feel sick. The killer bee closely misses you.
The killer bee barely misses you. The killer bee stings you.
You die...

......#........#
.....##........####
................#.##
...................###
...........#.........#
.....................
.....###.#.......#
.#...# #.#.......####
###..# #.......y@y..#
... #...##..yyy...#
... #.#######..#.##
#..# ..## # ..... ..#
...... ...# .#. ..##
...


You could see 5 killer bees.

Vanquished Creatures
  Grinder (D:3)
  Menkaure (D:4)
  A black bear (D:5)
  3 ogres
  A phantom (D:5)
  A scorpion (D:5)
  A jelly (D:5)
  4 orc priests
  An iguana (D:4)
  3 orc wizards
  A gnoll (D:1)
  4 adders
  A white imp (D:5)
  5 worms
  3 dart slugs
  20 orcs
  6 ball pythons
  7 endoplasms
  5 giant cockroaches
  8 goblins
  11 hobgoblins
  4 jackals (D:1)
  3 kobolds
  6 quokkas
  4 bats
  2 frilled lizards (D:2)
  3 rats
110 creatures vanquished.

Notes
Turn   | Place    | Note
-------+----------+-------------------------------------------
     0 | D:1      | qw the Naga Hunter began the quest for the Orb.
     0 | D:1      | Reached XP level 1. HP: 19/19 MP: 1/1
     0 | D:1      | 0 ||| qw: Version: 0.2-a-29-gc1b59c4
     0 | D:1      | 0 ||| qw: Game counter: 4295
     0 | D:1      | 0 ||| qw: Always use a shield: true
     0 | D:1      | 0 ||| qw: God list: Okawaru
     0 | D:1      | 0 ||| qw: Allow faded altars: false
     0 | D:1      | 0 ||| qw: Do Orc after D:15 true
     0 | D:1      | 0 ||| qw: Do second Lair branch before Depths: true
     0 | D:1      | 0 ||| qw: Lair rune preference: random
     0 | D:1      | 0 ||| qw: Plans: Normal
     0 | D:1      | 0 ||| PLANNING D:1-11
    20 | D:1      | 20 ||| INVOKING Spit Poison.
    23 | D:1      | 23 ||| INVOKING Spit Poison.
    32 | D:1      | 32 ||| INVOKING Spit Poison.
    38 | D:1      | 38 ||| INVOKING Spit Poison.
    42 | D:1      | 42 ||| INVOKING Spit Poison.
    45 | D:1      | Reached skill level 4 in Ranged Weapons
    45 | D:1      | Reached XP level 2. HP: 19/26 MP: 2/2
    46 | D:1      | 46 ||| INVOKING Spit Poison.
    52 | D:1      | 52 ||| INVOKING Spit Poison.
    56 | D:1      | 56 ||| INVOKING Spit Poison.
   123 | D:1      | 123 ||| INVOKING Spit Poison.
   129 | D:1      | 129 ||| INVOKING Spit Poison.
   130 | D:1      | 130 ||| INVOKING Spit Poison.
   131 | D:1      | Reached XP level 3. HP: 29/32 MP: 3/3
   137 | D:1      | 137 ||| INVOKING Spit Poison.
   305 | D:1      | 305 ||| INVOKING Spit Poison.
   311 | D:1      | 311 ||| INVOKING Spit Poison.
   316 | D:1      | 316 ||| INVOKING Spit Poison.
   322 | D:1      | 322 ||| INVOKING Spit Poison.
   328 | D:1      | 328 ||| INVOKING Spit Poison.
   511 | D:1      | 511 ||| INVOKING Spit Poison.
   570 | D:1      | 570 ||| READING scroll labelled COREBEFFOE.
   571 | D:1      | 571 ||| READING 2 scrolls labelled ISEMER FOASSOT.
   572 | D:1      | 572 ||| READING scroll labelled SERPHY MOFFUSE.
   573 | D:1      | 573 ||| READING scroll labelled WUYFURE ZUGH.
   574 | D:1      | 574 ||| DROPPING scroll of butterflies.
   631 | D:2      | 631 ||| INVOKING Spit Poison.
   661 | D:2      | 661 ||| INVOKING Spit Poison.
   674 | D:2      | 674 ||| INVOKING Spit Poison.
   677 | D:2      | 677 ||| INVOKING Spit Poison.
   774 | D:2      | 774 ||| INVOKING Spit Poison.
   790 | D:2      | 790 ||| INVOKING Spit Poison.
   794 | D:2      | 794 ||| INVOKING Spit Poison.
   798 | D:2      | Reached skill level 5 in Ranged Weapons
   798 | D:2      | Reached XP level 4. HP: 39/39 MP: 4/4
   818 | D:2      | 818 ||| INVOKING Spit Poison.
   855 | D:2      | Found a runed translucent door.
   856 | D:2      | Noticed Crazy Yiuf
   891 | D:2      | 891 ||| INVOKING Spit Poison.
   911 | D:2      | 911 ||| INVOKING Spit Poison.
   917 | D:2      | 917 ||| INVOKING Spit Poison.
   922 | D:2      | 922 ||| INVOKING Spit Poison.
   929 | D:2      | 929 ||| INVOKING Spit Poison.
   968 | D:2      | 968 ||| INVOKING Spit Poison.
   974 | D:2      | 974 ||| INVOKING Spit Poison.
   978 | D:2      | 978 ||| INVOKING Spit Poison.
   993 | D:2      | 993 ||| INVOKING Spit Poison.
  1049 | D:2      | 1049 ||| INVOKING Spit Poison.
  1207 | D:2      | 1207 ||| INVOKING Spit Poison.
  1418 | D:2      | 1418 ||| READING scroll labelled OPICUTIRIPN.
  1419 | D:2      | 1419 ||| READING scroll labelled ONKUZIUBBI.
  1506 | D:2      | 1506 ||| READING 2 scrolls of identify.
  1506 | D:2      | 1506 ||| IDENTIFYING red potion
  1507 | D:2      | 1507 ||| DROPPING potion of enlightenment.
  1550 | D:3      | 1550 ||| INVOKING Spit Poison.
  1556 | D:3      | 1556 ||| INVOKING Spit Poison.
  1561 | D:3      | 1561 ||| INVOKING Spit Poison.
  1571 | D:3      | 1571 ||| INVOKING Spit Poison.
  1577 | D:3      | 1577 ||| INVOKING Spit Poison.
  1581 | D:3      | 1581 ||| INVOKING Spit Poison.
  1582 | D:3      | Reached skill level 3 in Fighting
  1584 | D:3      | 1584 ||| INVOKING Spit Poison.
  1588 | D:3      | 1588 ||| INVOKING Spit Poison.
  1593 | D:3      | Reached XP level 5. HP: 33/49 MP: 5/5
  1595 | D:3      | 1595 ||| INVOKING Spit Poison.
  1689 | D:3      | 1689 ||| INVOKING Spit Poison.
  1701 | D:3      | 1701 ||| INVOKING Spit Poison.
  1704 | D:3      | 1704 ||| INVOKING Spit Poison.
  1711 | D:3      | 1711 ||| INVOKING Spit Poison.
  1716 | D:3      | 1716 ||| INVOKING Spit Poison.
  1717 | D:3      | 1717 ||| FLEEEEING.
  1719 | D:3      | 1719 ||| FLEEEEING.
  1721 | D:3      | 1721 ||| INVOKING Spit Poison.
  1842 | D:3      | 1842 ||| INVOKING Spit Poison.
  1845 | D:3      | 1845 ||| INVOKING Spit Poison.
  1889 | D:3      | 1889 ||| INVOKING Spit Poison.
  1890 | D:3      | 1890 ||| Stepping ~*~*~tactically~*~*~ (outnumbered).
  1892 | D:3      | 1892 ||| Stepping ~*~*~tactically~*~*~ (outnumbered).
  1893 | D:3      | 1893 ||| INVOKING Spit Poison.
  1895 | D:3      | Reached skill level 6 in Ranged Weapons
  1896 | D:3      | 1896 ||| Stepping ~*~*~tactically~*~*~ (outnumbered).
  1900 | D:3      | 1900 ||| INVOKING Spit Poison.
  1901 | D:3      | Reached XP level 6. HP: 55/56 MP: 6/6
  1905 | D:3      | 1905 ||| INVOKING Spit Poison.
  1909 | D:3      | 1909 ||| INVOKING Spit Poison.
  1913 | D:3      | 1913 ||| INVOKING Spit Poison.
  1914 | D:3      | 1914 ||| INVOKING Spit Poison.
  2018 | D:3      | 2018 ||| INVOKING Spit Poison.
  2029 | D:3      | Noticed Grinder
  2032 | D:3      | 2032 ||| DRINKING 2 fuming amethyst potions.
  2034 | D:3      | 2034 ||| READING 2 scrolls of identify.
  2034 | D:3      | 2034 ||| IDENTIFYING viscous yellow potion
  2051 | D:3      | Killed Grinder
  2052 | D:3      | Reached XP level 7. HP: 50/67 MP: 7/7
  2157 | D:3      | 2157 ||| INVOKING Spit Poison.
  2229 | D:3      | 2229 ||| INVOKING Spit Poison.
  2252 | D:3      | 2252 ||| INVOKING Spit Poison.
  2255 | D:3      | 2255 ||| INVOKING Spit Poison.
  2306 | D:3      | 2306 ||| INVOKING Spit Poison.
  2380 | D:3      | 2380 ||| UPGRADING to amulet of faith.
  2385 | D:3      | 2385 ||| READING scroll labelled MIVAH HYJET.
  2386 | D:3      | 2386 ||| READING 2 scrolls labelled DUSOSCHE FORRA.
  2387 | D:3      | 2387 ||| DRINKING 2 fizzy red potions.
  2388 | D:3      | 2388 ||| DROPPING potion of brilliance.
  2389 | D:3      | 2389 ||| DROPPING scroll of revelation.
  2434 | D:4      | 2434 ||| INVOKING Spit Poison.
  2561 | D:4      | 2561 ||| INVOKING Spit Poison.
  2567 | D:4      | 2567 ||| INVOKING Spit Poison.
  2704 | D:4      | 2704 ||| INVOKING Spit Poison.
  2730 | D:4      | Found a staircase to the Ecumenical Temple.
  2731 | D:4      | 2731 ||| PLANNING TEMPLE
  2731 | D:4      | 2731 ||| READING 2 scrolls of identify.
  2731 | D:4      | 2731 ||| IDENTIFYING glowing cyan potion
  2732 | D:4      | 2732 ||| DROPPING potion of invisibility.
  2741 | Temple   | Entered the Ecumenical Temple
  2779 | Temple   | 2779 ||| PLANNING OKAWARU WORSHIP
  2822 | Temple   | Became a worshipper of Warmaster Okawaru
  2822 | Temple   | 2822 ||| PLANNING D:1-11
  2973 | D:4      | 2973 ||| INVOKING Spit Poison.
  3047 | D:4      | 3047 ||| INVOKING Spit Poison.
  3052 | D:4      | 3052 ||| INVOKING Spit Poison.
  3104 | D:4      | Noticed Menkaure
  3113 | D:4      | Killed Menkaure
  3114 | D:4      | Reached skill level 7 in Ranged Weapons
  3384 | D:4      | Found a runed translucent gate.
  3384 | D:4      | Found a runed translucent gate.
  3384 | D:4      | Found a runed translucent gate.
  3384 | D:4      | Noticed qw's ghost (amateur NaHu)
  3385 | D:4      | Noticed qw's ghost (amateur MiHu)
  3557 | D:4      | 3557 ||| UPGRADING to +6 ring of strength.
  3558 | D:4      | 3558 ||| READING scroll labelled CUBLOI UHAKK.
  3669 | D:5      | Entered Level 5 of the Dungeon
  3671 | D:5      | 3671 ||| INVOKING Spit Poison.
  3674 | D:5      | Reached XP level 8. HP: 74/74 MP: 8/8
  3676 | D:5      | 3676 ||| INVOKING Spit Poison.
  3694 | D:5      | Reached * piety under Okawaru
  3695 | D:5      | Reached skill level 8 in Ranged Weapons
  3702 | D:5      | 3702 ||| INVOKING Spit Poison.
  3705 | D:5      | Reached skill level 1 in Invocations
  3770 | D:5      | Noticed a +0 spear
  3774 | D:5      | Noticed a +0 dagger
  3774 | D:5      | Noticed a +0 short sword
  3774 | D:5      | Noticed a +0 spear
  3775 | D:5      | Noticed a +0 falchion
  3775 | D:5      | Noticed a +0 short sword
  3776 | D:5      | Noticed a +0 dagger
  3777 | D:5      | Noticed a +0 falchion
  3795 | D:5      | 3795 ||| INVOKING Heroism.
  3796 | D:5      | 3796 ||| INVOKING Spit Poison.
  3800 | D:5      | 3800 ||| INVOKING Spit Poison.
  3850 | D:5      | Found a hide-covered altar of Uskayaw.
  3911 | D:5      | 3911 ||| INVOKING Heroism.
  3919 | D:5      | 3919 ||| INVOKING Spit Poison.
  3967 | D:5      | 3967 ||| INVOKING Spit Poison.
  3972 | D:5      | 3972 ||| INVOKING Heroism.
  3973 | D:5      | 3973 ||| INVOKING Spit Poison.
  3973 | D:5      | HP: 17/74 [killer bee (4)]
  3973 | D:5      | HP: 3/74 [killer bee (6)]
  3974 | D:5      | 3974 ||| READING scroll of teleportation.
  3974 | D:5      | HP: 1/74 [poisoned by a killer bee]
  3974 | D:5      | Slain by a killer bee

Levels and vault maps discovered:
D:1:      sevenhm_arrival_forest_fort_small_6, layout_basic, nicolae_the_louvre
D:2:      layout_loops_ring, uniq_crazy_yiuf_cottage
D:3:      layout_basic, serial_glass, glass_columns_b, glass_columns_b,
          uniq_grinder
D:4:      layout_layer_cave, minmay_temple_entry_arrows,
          gammafunk_ghost_cemetery, st_stairs_1, uniq_menkaure
D:5:      layout_cave_pools, nicolae_uskayaw_en_pointe,
          kennysheep_generic_room_9
Temple:   nicolae_temple_great_sept

Skill      XL: |  1  2  3  4  5  6  7  8 |
---------------+-------------------------+-----
Ranged Weapons | 4 5 6 7 8 |  8.4
Fighting       | 3 5 |  5.2
Dodging        | 2 |  2.0
Invocations    | 2 |  2.2
Stealth        | |  1.5

Action                     |  1- 3 |  4- 6 |  7- 9 || total
---------------------------+-------+-------+-------++-------
   Fire: Shortbow          |    63 |   106 |    89 ||   258
 Invoke: Heroism           |       |       |     3 ||     3
Ability: Spit Poison       |    24 |    36 |    20 ||    80
    Use: Scroll            |     4 |     4 |     5 ||    13
         Potion            |       |     1 |     1 ||     2
 Armour: Leather armour    |     7 |    10 |     4 ||    21
  Dodge: Dodged            |    12 |    19 |    23 ||    54

Table legend:
 A = Non-vault XP
 B = Vault XP
 C = Vault XP percentage of total XP
 D = Non-vault monster count
 E = Vault monster count
 F = Vault count percentage of total count
                 A         B        C        D         E       F
            +---------+---------+-------+---------+---------+-------
      Total |    1288 |     491 |  27.6 |     106 |       4 |   3.6
            +---------+---------+-------+---------+---------+-------
        D:1 |      61 |       0 |   0.0 |      26 |       0 |   0.0
        D:2 |      61 |       0 |   0.0 |      23 |       0 |   0.0
        D:3 |     267 |     290 |  52.1 |      38 |       1 |   2.6
        D:4 |     248 |     201 |  44.8 |       8 |       3 |  27.3
        D:5 |     651 |       0 |   0.0 |      11 |       0 |   0.0
            +---------+---------+-------+---------+---------+-------
